 Dungeon Crawl Stone Soup version 0.29.1-1-gd02db6906a (webtiles) character file.

Game seed: 6379070132416212097

4 Aibolit the Magician (level 1, 0/10 HPs)
             Began as a Deep Elf Hedge Wizard on Sept 24, 2022.
             Slain by a quokka (3 damage)
             ... on level 1 of the Dungeon.
             The game lasted 00:02:43 (435 turns).

Aibolit the Magician (Deep Elf Hedge Wizard)         Turns: 435, Time: 00:02:43

Health: 0/10       AC:  2    Str:  7    XL:     1   Next: 50%
Magic:  8/8        EV: 12    Int: 18    God:
Gold:   0          SH:  0    Dex: 14    Spells: 9/9 levels left

rFire   . . .      SeeInvis .   f - +0 spear
rCold   . . .      Faith    .   (no shield)
rNeg    . . .      Spirit   .   b - +0 robe
rPois   .          Reflect  .   c - +0 hat
rElec   .          Harm     .   (no cloak)
rCorr   .          Rampage  .   (no gloves)
Will    .....                   (no boots)
Stlth   ++........              (no amulet)
HPRegen 0.03/turn               (no ring)
MPRegen 0.11/turn               (no ring)

@: no status effects
A: no striking features
a: no special abilities


You were on level 1 of the Dungeon.
You visited 1 branch of the dungeon, and saw 1 of its levels.

Inventory:

Hand Weapons
 a - a +0 dagger
 f - a +0 spear (weapon)
Missiles
 e - 12 stones (quivered)
Armour
 b - a +0 robe (worn)
 c - a +0 hat (worn)
Potions
 d - a potion of magic


   Skills:
 + Level 2.4 Dodging
 + Level 2.6 Stealth
 + Level 4.6 Spellcasting
 + Level 1.1 Conjurations
 + Level 1.1 Summonings
 + Level 1.1 Translocations


You had 9 spell levels left.
You didn't know any spells.
Your spell library contained the following spells:

 Spells                   Type           Power      Damage    Failure   Level
 Magic Dart               Conj           32%        1d4       9%          1
 Blink                    Tloc           16%        N/A       13%         2
 Call Imp                 Summ           8%         N/A       13%         2
 Slow                     Hex            16%        N/A       14%         1
 Conjure Flame            Conj/Fire      6%         6-21      32%         3
 Mephitic Cloud           Conj/Pois/Air  5%         N/A       34%         3


Dungeon Overview and Level Annotations

Branches:
Dungeon (1/15)

Altars:

Shops:
D:1 =


Message History

Really target yourself?
Okay, then.
You see here a +0 whip.
Found a scroll labelled LYRGHY ZURAJ.
Found a leather armour.
g - a scroll labelled LYRGHY ZURAJ
There are no items here.
As you read the scroll labelled LYRGHY ZURAJ, it crumbles to dust.
The scroll dissolves into smoke.
It was a scroll of fog.
A frilled lizard comes into view.
You reach to attack!
The helpless frilled lizard fails to defend itself.
You hit the frilled lizard.
The frilled lizard is heavily wounded.
You miss the frilled lizard.
The frilled lizard is heavily wounded.
The frilled lizard barely misses you.
You closely miss the frilled lizard.
The frilled lizard is heavily wounded.
The frilled lizard closely misses you.
You hit the frilled lizard.
You kill the frilled lizard!
No target in view!
You see here a frilled lizard corpse.
A quokka comes into view.
You reach to attack!
You barely miss the quokka. The quokka closely misses you.
You hit the quokka but do no damage. The quokka closely misses you.
You hit the quokka but do no damage. The quokka bites you.
You hit the quokka but do no damage. The quokka closely misses you.
The quokka bites you.
* * * LOW HITPOINT WARNING * * *
You are too injured to fight recklessly!
You are too injured to fight recklessly!
You are too injured to fight recklessly!
You are too injured to fight recklessly!
You barely miss the quokka. The quokka barely misses you.
You hit the quokka. You punch the quokka, but do no damage.
The quokka is almost dead.
The quokka bites you.
You die...

##############
#..†.........#
#.##########@#
#.# #r#
#####.# #.#
......# #.#
...........#
..#
##########.#
.## . #.


You could see a quokka.

Vanquished Creatures
  An endoplasm (D:1)
  A kobold (D:1)
  A bat (D:1)
  A frilled lizard (D:1)
4 creatures vanquished.

Notes
Turn   | Place    | Note
-------+----------+-------------------------------------------
     0 | D:1      | Aibolit the Deep Elf Hedge Wizard began the quest for the
                  | Orb.
     0 | D:1      | Reached XP level 1. HP: 10/10 MP: 7/7
    11 | D:1      | Found Sedd's Jewellery Emporium.
   435 | D:1      | Slain by a quokka

Illustrated notes

Levels and vault maps discovered:
D:1:      roderic_chinese_lattice_arrival, layout_loops_ring, serial_shops,
          nicolae_shop_crystal

Action                   || total
-------------------------++-------
Melee: Dagger            ||    12
       Spear             ||    10
       Punch             ||     1
  Use: Scroll            ||     3
       Potion            ||     1
 Stab: Sleeping          ||     1
Armor: Robe              ||     1
Dodge: Dodged            ||    12
